 Dungeon Crawl Stone Soup version 0.18.1-5-g4a78601 (webtiles) character file.

81 imganon the Chopper (level 4, -1/39 HPs)
             Began as a Hill Orc Berserker on May 14, 2016.
             Was a Believer of Trog.
             Slain by a gnoll
             ... wielding a cursed +0 spear
              (2 damage)
             ... on level 2 of the Dungeon.
             The game lasted 00:02:27 (1060 turns).

imganon the Chopper (Hill Orc Berserker)            Turns: 1060, Time: 00:02:29

Health: -1/39      AC:  7    Str: 20    XL:     4   Next: 42%
Magic:  4/4        EV: 10    Int:  7    God:    Trog [**....]
Gold:   79         SH:  0    Dex: 15    Spells: 0 memorised, 3 levels left

rFire  . . .     SeeInvis .     a - +0 hand axe
rCold  . . .     Gourm    .     h - +0 scale mail
rNeg   . . .     Faith    .     (no shield)
rPois  .         Spirit   .     (no helmet)
rElec  .         Dismiss  .     (no cloak)
rCorr  .         Reflect  .     (no gloves)
SustAt .         Harm     .     e - +0 pair of boots
MR     .....                    (no amulet)
Stlth  +.........               (no ring)
                                (no ring)

@: agile, lethally poisoned (-1 -> -5), exhausted, drained, not resistant to
hostile enchantments, very unstealthy
A: no striking features
a: Berserk, Trog's Hand, Burn Spellbooks, Renounce Religion


You were on level 2 of the Dungeon.
You worshipped Trog.
Trog was pleased with you.
You were hungry.

You visited 1 branch of the dungeon, and saw 2 of its levels.

You collected 79 gold pieces.

Inventory:

Hand Weapons
 a - a +0 hand axe (weapon)
Armour
 e - a +0 pair of boots (worn)
 h - a +0 scale mail (worn)
Scrolls
 d - a scroll of noise {unknown}
 f - a scroll of enchant armour {unknown}
 i - a scroll of enchant weapon {unknown}
 j - a scroll of recharging {unknown}
Comestibles
 c - 4 bread rations


   Skills:
 - Level 3.6(2.8) Fighting
 + Level 6.7(5.8) Axes
 - Level 2.1(1.4) Armour
 - Level 1.5(0.8) Dodging


You had 3 spell levels left.
You didn't know any spells.

Dungeon Overview and Level Annotations

Branches:
Dungeon (2/15)

Altars:

Annotations:
D:2 Jessica


Message History

Jessica casts a spell.
Jessica seems to speed up.
Jessica gestures wildly while chanting.
Jessica blinks!
You feel sick. The adder misses you. The adder misses you.
The gnoll misses you. The adder barely misses you.
You feel sick. The adder closely misses you. The adder closely misses you.
You feel sick. The adder bites you but does no damage.
The gnoll hits you but does no damage.
There is a stone staircase leading up here.
You feel yourself speed up.
The gnoll no longer looks unusually strong.
The adder bites you.
* * * LOW HITPOINT WARNING * * *
You are more poisoned.
The adder poisons you!
The gnoll hits you from afar with a spear.
You die...

#.# ..# #.# #.# #.##
## #.. ...
#.########### #..
#@#.g..g@g..# ##..
#########S#g#######.#
#... ####.......#g#.#
#.###g..
>..#.#.#.#.g..#
#.g..g..
##..........@.#
#####...
#.#.#.#.#.#...####
##.#
##.................
#.# #.#.#.#.#.#.#...##
#)#
#####..............#.#
#.#


You could see 2 gnolls, an adder and Jessica.

Vanquished Creatures
  Terence (D:2)
  An adder (D:2)
  A gnoll (D:2)
  A worm (D:2)
  2 dart slugs (D:1)
  A ball python (D:1)
  5 goblins
  4 hobgoblins (D:1)
  6 kobolds
  4 bats
  2 giant newts
  4 rats (D:1)
32 creatures vanquished.

Notes
Turn   | Place    | Note
--------------------------------------------------------------
     0 | D:1      | imganon the Hill Orc Berserker began the quest for the Orb.
     0 | D:1      | Reached XP level 1. HP: 19/19 MP: 1/1
   124 | D:1      | Reached XP level 2. HP: 26/26 MP: 2/2
   354 | D:1      | Reached skill level 5 in Axes
   393 | D:1      | Reached ** piety under Trog
   405 | D:1      | Reached XP level 3. HP: 25/31 MP: 3/3
   773 | D:2      | Reached skill level 6 in Axes
  1020 | D:2      | Noticed Terence
  1033 | D:2      | Killed Terence
  1033 | D:2      | Reached XP level 4. HP: 39/39 MP: 4/4
  1042 | D:2      | Noticed Jessica
  1043 | D:2      | HP: 1/39 [gnoll/spear (2)]
  1060 | D:2      | HP: 1/39 [adder (3)]
  1060 | D:2      | Slain by a gnoll

Skill      XL: |  1  2  3 |
---------------+----------+-----
Axes           | 5 6 |  6.7
Fighting       | |  3.6
Armour         | |  2.1
Dodging        | |  1.5

Action                   |  1- 3 |  4- 6 || total
-------------------------+-------+-------++-------
Melee: Hand axe          |   129 |     3 ||   132
Invok: Berserk           |     1 |       ||     1
       Trog's Hand       |       |     1 ||     1
  Use: Scroll            |       |     1 ||     1
       Potion            |       |     1 ||     1
  Eat: Chunk             |     1 |       ||     1
Armor: Animal skin       |     2 |       ||     2
       Scale mail        |    57 |    10 ||    67
Dodge: Dodged            |    78 |    21 ||    99
